[Event "Titled Tuesday Blitz February 14 Late 2023"]
[White "Fernandez Guillen, Ernesto J."]
[Black "Fiorito, Joaquin"]
[WhiteFideId "3512428"]
[BlackFideId "180173"]
[WhiteElo "2477"]
[BlackElo "2405"]
[Result "1-0"]
[Round "10"]
[TimeControl "180+2"]
[Date "2023.02.14"]
[WhiteClock "0:01:19"]
[BlackClock "0:00:04"]

1. e4 c6 2. d4 d5 3. e5 Bf5 4. c3 e6 5. Bd3 Bxd3 6. Qxd3 c5 7. Ne2 Nc6 8. O-O cxd4 9. cxd4 Nge7 10. Nbc3 a6 11. a3 Rc8 12. b4 Nf5 13. g4 Nh4 14. f4 h5 15. f5 hxg4 16. fxe6 fxe6 17. Nf4 Qd7 18. Ng6 Nxg6 19. Qxg6+ Kd8 20. Bg5+ Be7 21. Rf7 Re8 22. Na4 Kc7 23. Nc5 Bxc5 24. Rxd7+ Kxd7 25. dxc5 Kc7 26. a4 Kb8 27. b5 Nd4 28. bxa6 Nf3+ 29. Kg2 Rh8 30. Qxg7 Rxh2+ 31. Kg3 Rb2 32. Rc1 d4 33. c6 Rxc6 34. Rxc6 bxc6 35. a7+ Ka8 36. Bf4 d3 37. Be3 Nxe5 38. Qf8+ Kb7 39. a8=Q+ Kc7 40. Qfd8# 1-0


[Site "https://www.chess.com"]

[Event "Titled Tuesday Blitz February 14 Late 2023"]
[White "Ibadov, Dashgyn"]
[Black "Oro, Faustino"]
[WhiteFideId "24107514"]
[BlackFideId "20000197"]
[WhiteElo "2391"]
[BlackElo "2269"]
[Result "1-0"]
[Round "10"]
[TimeControl "180+2"]
[Date "2023.02.14"]
[WhiteClock "0:00:36"]
[BlackClock "0:00:39"]

1. e4 e5 2. Nf3 Nc6 3. d4 exd4 4. Nxd4 Bc5 5. Nb3 Bb6 6. Nc3 Nf6 7. Qe2 d6 8. Be3 O-O 9. O-O-O Be6 10. f3 Re8 11. Kb1 Ne5 12. Qf2 Nfg4 13. fxg4 Nxg4 14. Bxb6 Nxf2 15. Bxf2 Qf6 16. Bd4 Qg6 17. h4 h5 18. Bd3 Bg4 19. Rdf1 Qe6 20. Nd5 Qd7 21. Bc3 c6 22. Ne3 Be6 23. Nf5 f6 24. Nbd4 Bf7 25. Rhg1 d5 26. exd5 Bxd5 27. g4 Be4 28. gxh5 Bxd3 29. cxd3 Kh7 30. Rxg7+ Qxg7 31. Nxg7 Kxg7 32. Nf5+ Kh7 33. Nd6 Re7 34. Rxf6 Rg8 35. Ne4 Rg2 36. Ng5+ Kg8 37. Rg6+ Kf8 38. Nh7+ 1-0


[Site "https://www.chess.com"]

[Event "Titled Tuesday Blitz February 14 Late 2023"]
[White "Solon, Nathan"]
[Black "Moral Garcia, Serafin"]
[WhiteFideId "2017229"]
[BlackFideId "2201925"]
[WhiteElo "2306"]
[BlackElo "2238"]
[Result "1-0"]
[Round "10"]
[TimeControl "180+2"]
[Date "2023.02.14"]
[WhiteClock "0:00:09"]
[BlackClock "0:00:24"]

1. Nf3 Nf6 2. g3 g6 3. b3 Bg7 4. Bb2 c5 5. c4 O-O 6. Bg2 Nc6 7. O-O d6 8. d4 Ne4 9. e3 Bg4 10. h3 Bxf3 11. Bxf3 Ng5 12. Bg2 Ne6 13. Bxc6 bxc6 14. Na3 cxd4 15. exd4 c5 16. Nc2 Qb6 17. Qd2 Nxd4 18. Bxd4 cxd4 19. Rad1 e5 20. Nb4 a5 21. Nd5 Qc5 22. Qd3 f5 23. f3 Rfe8 24. Rde1 Kh8 25. g4 Rf8 26. Kg2 Ra7 27. Re2 Qa3 28. Qc2 a4 29. b4 d3 30. Qb2 Qxb2 31. Rxb2 e4 32. Rd2 Bh6 33. Rdd1 Re8 34. fxe4 fxe4 35. h4 Bg7 36. b5 Kg8 37. Rfe1 Bd4 38. Rxd3 Bc5 39. Nf6+ Kf7 40. Nxe4 Rae7 41. Ng5+ Kg7 42. Rxe7+ Rxe7 43. Kf3 Re1 44. Ne4 Rf1+ 45. Ke2 Ra1 46. Nxc5 dxc5 47. Ra3 Kf6 48. Rxa4 Ke5 49. Ra7 Kd4 50. a4 Kxc4 51. b6 Rb1 52. a5 Kd4 53. Rd7+ Ke5 54. b7 Ke6 55. Rc7 Kd6 56. Rxh7 c4 57. a6 c3 58. a7 c2 59. b8=Q+ 1-0


[Site "https://www.chess.com"]

[Event "Titled Tuesday Blitz February 14 Late 2023"]
[White "Bjelobrk, Igor"]
[Black "Aldokhin, Ivan"]
[WhiteFideId "4300726"]
[BlackFideId "24115720"]
[WhiteElo "2403"]
[BlackElo "2413"]
[Result "0-1"]
[Round "10"]
[TimeControl "180+2"]
[Date "2023.02.14"]
[WhiteClock "0:01:36"]
[BlackClock "0:01:08"]

1. d4 c5 2. d5 Nf6 3. c4 e6 4. Nc3 exd5 5. cxd5 d6 6. g3 g6 7. Bg2 Bg7 8. Nf3 O-O 9. O-O Re8 10. Nd2 Nbd7 11. a4 b6 12. h3 Ba6 13. Re1 c4 14. Na2 Rc8 15. Nb4 Bb7 16. a5 bxa5 17. Nc6 Bxc6 18. dxc6 Ne5 19. Qa4 d5 20. Qxa5 Qxa5 21. Rxa5 Nxc6 22. Ra6 Nb4 23. Rxa7 Nd3 24. Rf1 Rxe2 25. Nf3 Ne4 26. Be3 Nxg3 27. Nd4 Nxf1 28. Bxf1 Rxe3 29. fxe3 Bxd4 30. exd4 Nxb2 0-1


[Site "https://www.chess.com"]

[Event "Titled Tuesday Blitz February 14 Late 2023"]
[White "Rorrer, Grayson"]
[Black "Ehlvest, Jaan"]
[WhiteFideId "30944996"]
[BlackFideId "4500016"]
[WhiteElo "2263"]
[BlackElo "2530"]
[Result "1-0"]
[Round "10"]
[TimeControl "180+2"]
[Date "2023.02.14"]
[WhiteClock "0:01:46"]
[BlackClock "0:01:03"]

1. e4 c5 2. Nf3 Nc6 3. Bb5 g6 4. O-O Bg7 5. c3 Nf6 6. Re1 O-O 7. d4 d5 8. e5 Ne4 9. Be3 Qb6 10. Bxc6 bxc6 11. b3 cxd4 12. cxd4 f6 13. h3 a5 14. Nbd2 a4 15. Nxe4 dxe4 16. Nd2 f5 17. g3 Be6 18. d5 Qb5 19. dxe6 Qxe5 20. Rc1 Qxe6 21. Qc2 Qf7 22. Qxc6 e5 23. Qc4 f4 24. Bc5 e3 25. fxe3 1-0


[Site "https://www.chess.com"]

[Event "Titled Tuesday Blitz February 14 Late 2023"]
[White "Sonnenschein, Philipp"]
[Black "Martinez Ramirez, Lennis"]
[WhiteFideId "16250877"]
[BlackFideId "3509079"]
[WhiteElo "2224"]
[BlackElo "2426"]
[Result "0-1"]
[Round "10"]
[TimeControl "180+2"]
[Date "2023.02.14"]
[WhiteClock "0:01:00"]
[BlackClock "0:02:15"]

1. e4 c5 2. Nf3 d6 3. Bb5+ Nd7 4. c3 Nf6 5. Bd3 g6 6. O-O Ne5 7. Bc2 Bg7 8. d4 cxd4 9. cxd4 Nxf3+ 10. Qxf3 O-O 11. Nc3 Bg4 12. Qg3 Be6 13. Bg5 Rc8 14. Rad1 Qb6 15. Bc1 Bxa2 16. e5 Nd5 17. Nxd5 Bxd5 18. Bb1 a5 19. exd6 e6 20. Be3 Rfd8 21. Bd3 Qxd6 22. Qxd6 Rxd6 23. Ra1 b6 24. Rfc1 Rdc6 25. Bb5 Rxc1+ 26. Rxc1 Rxc1+ 27. Bxc1 Bxd4 0-1


[Site "https://www.chess.com"]

[Event "Titled Tuesday Blitz February 14 Late 2023"]
[White "Papasimakopoulos, Alexandros"]
[Black "Lopez Idarraga, Daniel Eduardo"]
[WhiteFideId "4244125"]
[BlackFideId "4405501"]
[WhiteElo "2401"]
[BlackElo "2009"]
[Result "0-1"]
[Round "10"]
[TimeControl "180+2"]
[Date "2023.02.14"]
[WhiteClock "0:01:12"]
[BlackClock "0:01:09"]

1. d4 Nf6 2. c4 e6 3. Nc3 d5 4. cxd5 exd5 5. Bg5 c6 6. e3 Bf5 7. Qf3 Bg6 8. Bxf6 Qxf6 9. Qxf6 gxf6 10. Kd2 f5 11. Bd3 Bd6 12. Nge2 Nd7 13. Ng3 f4 14. Nf5 Bxf5 15. Bxf5 fxe3+ 16. fxe3 O-O-O 17. Raf1 Kc7 18. Bh3 f6 19. Bxd7 Rxd7 20. Rxf6 h5 21. Ne2 h4 22. Nf4 Rg8 23. Rg6 Re8 24. Rf1 Rde7 25. Rf3 Rxe3 26. Rg7+ Kb6 27. Nd3 Rxf3 28. gxf3 Bxh2 29. Nc5 Bc7 30. Rh7 h3 31. Rxh3 Bf4+ 32. Kc2 Re7 33. Rh4 Bd6 34. b4 Kb5 35. Rh6 Bxc5 36. bxc5 Kc4 37. Rh4 Re2+ 38. Kd1 Rxa2 39. Rh7 Kxd4 40. Rxb7 Kxc5 41. Ke1 Kd4 42. Re7 c5 43. f4 Rh2 44. f5 Rh4 45. Rxa7 Rf4 46. Rf7 Ke5 47. Rc7 c4 48. Kd2 Rxf5 49. Kc3 Rf3+ 50. Kb4 Kd4 51. Rh7 Rb3+ 52. Ka4 Rb8 53. Rh4+ Kc5 54. Ka3 c3 55. Rh3 d4 56. Rh7 Kc4 57. Rb7 Rxb7 0-1


[Site "https://www.chess.com"]

[Event "Titled Tuesday Blitz February 14 Late 2023"]
[White "Kamsky, Gata"]
[Black "Poliakova, Varvara"]
[WhiteFideId "2000024"]
[BlackFideId "13518313"]
[WhiteElo "2665"]
[BlackElo "2010"]
[Result "1-0"]
[Round "10"]
[TimeControl "180+2"]
[Date "2023.02.14"]
[WhiteClock "0:01:23"]
[BlackClock "0:00:50"]

1. d4 d5 2. Bf4 Nf6 3. e3 e6 4. Nf3 b6 5. Nbd2 Bb7 6. c3 c5 7. Ne5 a6 8. Bd3 Nc6 9. h4 c4 10. Bc2 h5 11. Bg5 Be7 12. f4 Nxe5 13. fxe5 Ng4 14. Bxe7 Qxe7 15. Qe2 b5 16. a3 a5 17. Nf3 b4 18. Ba4+ Kd8 19. O-O b3 20. e4 dxe4 21. Ng5 f5 22. Qxc4 Bd5 23. Qe2 Kc7 24. c4 Bb7 25. Bxb3 Rhd8 26. c5 Bd5 27. Ba4 Bc6 28. Bxc6 Kxc6 29. Qc4 Rd5 30. Rfe1 Rad8 31. Qa6+ 1-0


[Site "https://www.chess.com"]

[Event "Titled Tuesday Blitz February 14 Late 2023"]
[White "Yuan, Qingyu"]
[Black "Lucassen, Mickey"]
[WhiteFideId "8609772"]
[BlackFideId "12919110"]
[WhiteElo "2373"]
[BlackElo "2023"]
[Result "1-0"]
[Round "10"]
[TimeControl "180+2"]
[Date "2023.02.14"]
[WhiteClock "0:00:19"]
[BlackClock "0:00:09"]

1. e4 c5 2. Nf3 d6 3. Bb5+ Bd7 4. Bxd7+ Qxd7 5. c4 Nc6 6. Nc3 Nf6 7. d4 cxd4 8. Nxd4 g6 9. f3 Bg7 10. Be3 O-O 11. O-O a6 12. Qd3 Rfc8 13. b3 Qd8 14. Rfc1 Qa5 15. a3 Qh5 16. Rab1 Bh6 17. Na4 Bxe3+ 18. Qxe3 Nd7 19. Ne2 Qa5 20. Nec3 b5 21. b4 Qd8 22. Nb2 bxc4 23. Nxc4 Nce5 24. Na5 Nb6 25. Nd5 Nbc4 26. Nxc4 Nxc4 27. Qd3 Nb6 28. Ne3 Qd7 29. h3 Qb5 30. Qd4 Rxc1+ 31. Rxc1 a5 32. Ng4 f6 33. Ne3 axb4 34. axb4 Ra2 35. Rc7 Kf7 36. Qxd6 Nc8 37. Qd5+ Qxd5 38. Nxd5 Nd6 39. Rxe7+ Kf8 40. Rxh7 Ne8 41. h4 Ra1+ 42. Kh2 Rb1 43. Kg3 1-0


[Site "https://www.chess.com"]

[Event "Titled Tuesday Blitz February 14 Late 2023"]
[White "O`Gorman, Tom"]
[Black "Bolourchifard, Farzad"]
[WhiteFideId "2508249"]
[BlackFideId "12510084"]
[WhiteElo "2355"]
[BlackElo "2292"]
[Result "1-0"]
[Round "10"]
[TimeControl "180+2"]
[Date "2023.02.14"]
[WhiteClock "0:01:18"]
[BlackClock "0:00:13"]

1. e4 e5 2. Nf3 Nc6 3. Bb5 a6 4. Ba4 Nf6 5. O-O b5 6. Bb3 Bc5 7. c3 d6 8. d4 Bb6 9. a4 Rb8 10. axb5 axb5 11. Na3 exd4 12. cxd4 Bg4 13. Nxb5 O-O 14. Be3 Re8 15. Nc3 Bxf3 16. gxf3 Nh5 17. Ba4 Ne7 18. Bxe8 Qxe8 19. Qa4 Qd8 20. Ne2 Ng6 21. Qc6 h6 22. Ng3 Nhf4 23. Kh1 Qh4 24. Ra8 Rxa8 25. Qxa8+ Kh7 26. Rg1 Nh5 27. Qc8 Qf6 28. Qf5 Nxg3+ 29. fxg3 Qxf5 30. exf5 Ne7 31. g4 Nd5 32. Bf2 Nf4 33. Rd1 h5 34. Kg1 f6 35. Be3 Nd5 36. Kf2 g6 37. fxg6+ Kxg6 38. gxh5+ Kxh5 39. Rg1 f5 40. Rg5+ Kh6 41. Rxf5+ Nxe3 42. Kxe3 Kg6 43. Rb5 Kf6 44. Rxb6 cxb6 45. Ke4 Ke6 46. h4 d5+ 47. Kf4 Kf6 48. h5 Kg7 49. Ke5 Kh6 50. Kxd5 Kxh5 51. Kc6 Kg5 52. d5 Kf4 53. d6 Kxf3 54. d7 Ke4 55. d8=Q Ke3 56. Qxb6+ 1-0


[Site "https://www.chess.com"]

[Event "Titled Tuesday Blitz February 14 Late 2023"]
[White "Cardoso Cardoso, Jose Gabriel"]
[Black "Prem, Pranav"]
[WhiteFideId "4430492"]
[BlackFideId "30901057"]
[WhiteElo "2492"]
[BlackElo "2061"]
[Result "0-1"]
[Round "10"]
[TimeControl "180+2"]
[Date "2023.02.14"]
[WhiteClock "0:00:02"]
[BlackClock "0:00:41"]

1. g3 d5 2. Nf3 Nf6 3. Bg2 e6 4. O-O c5 5. d4 Nc6 6. c4 Be7 7. cxd5 Nxd5 8. dxc5 O-O 9. a3 Bxc5 10. Qc2 Bb6 11. Rd1 Qe7 12. Bg5 f6 13. Bd2 Rd8 14. e4 Nc7 15. e5 Nxe5 16. Nxe5 fxe5 17. Nc3 Nd5 18. Ne4 Bd7 19. Bg5 Nf6 20. Rd2 Rac8 21. Qb3 Bc6 22. Rad1 Bd4 23. Re1 Qf7 24. Bxf6 gxf6 25. Rde2 Bd5 26. Qf3 f5 27. Qd3 Bxe4 28. Bxe4 fxe4 29. Qxe4 Qf5 30. Qxb7 Rf8 31. Kg2 Rb8 32. Qc6 Rxb2 33. Rxb2 Bxb2 34. Re2 Bd4 0-1


[Site "https://www.chess.com"]

[Event "Titled Tuesday Blitz February 14 Late 2023"]
[White "Alex_Sahakyan2006"]
[Black "Kaplan, Avi Harrison"]
[BlackFideId "30934559"]
[WhiteElo "2696"]
[BlackElo "2146"]
[Result "0-1"]
[Round "10"]
[TimeControl "180+2"]
[Date "2023.02.14"]
[WhiteClock "0:01:34"]
[BlackClock "0:00:14"]

1. e4 d6 2. d4 Nf6 3. Nc3 Nbd7 4. f4 e5 5. Nf3 exd4 6. Qxd4 Be7 7. e5 dxe5 8. fxe5 Nh5 9. g4 Bh4+ 10. Kd1 O-O 11. gxh5 Nxe5 12. Qxd8 Rxd8+ 13. Ke2 Bg4 14. Bg2 Re8 15. Be3 Nc4 16. Kd3 Nxb2+ 17. Kd2 Nc4+ 18. Kc1 Bxf3 19. Bxf3 Rxe3 20. Bxb7 Bg5 21. Kd1 Rd8+ 22. Nd5 c6 23. Bxc6 Re6 24. Bb7 Nb2# 0-1


[Site "https://www.chess.com"]

[Event "Titled Tuesday Blitz February 14 Late 2023"]
[White "Petrovic, Aleksa"]
[Black "Sokolovsky, Yahli"]
[WhiteFideId "967629"]
[BlackFideId "2820242"]
[WhiteElo "2332"]
[BlackElo "2461"]
[Result "1-0"]
[Round "10"]
[TimeControl "180+2"]
[Date "2023.02.14"]
[WhiteClock "0:00:12"]
[BlackClock "0:00:02"]

1. d4 c5 2. d5 d6 3. c4 g6 4. e4 Bg7 5. Ne2 Nf6 6. Nbc3 Nbd7 7. Ng3 h5 8. Be2 h4 9. Nf1 h3 10. g3 a6 11. a4 Qc7 12. Ne3 e5 13. O-O Nf8 14. f4 exf4 15. gxf4 Nh5 16. e5 dxe5 17. d6 Qd8 18. Ne4 Nxf4 19. Nd5 Nxd5 20. cxd5 Bf5 21. Bg5 Qb6 22. a5 Qa7 23. Bg4 Bxe4 24. Qa4+ b5 25. axb6+ Qd7 26. Bxd7+ Nxd7 27. Rxf7 Kxf7 28. Qxd7+ Kg8 29. b7 Rf8 30. Qe6+ Kh7 31. Qxh3+ Kg8 32. Qe6+ Kh7 33. Ra3 Bf5 34. Rh3+ Bxh3 35. Qxh3+ Kg8 36. Qe6+ Kh7 37. d7 e4 38. d8=Q Rxd8 39. Bxd8 Rxd8 40. Qxe4 Rf8 41. Kg2 Kg8 42. Qe6+ Kh7 43. Qh3+ Kg8 44. Qc8 Be5 45. Qxc5 1-0


[Site "https://www.chess.com"]

[Event "Titled Tuesday Blitz February 14 Late 2023"]
[White "Domingo Nunez, Ruben"]
[Black "Rangel, Daniel"]
[WhiteFideId "22245570"]
[BlackFideId "2124475"]
[WhiteElo "2416"]
[BlackElo "2207"]
[Result "0-1"]
[Round "10"]
[TimeControl "180+2"]
[Date "2023.02.14"]
[WhiteClock "0:00:15"]
[BlackClock "0:00:46"]

1. e4 c5 2. d4 cxd4 3. c3 g6 4. Nf3 Bg7 5. Bc4 d6 6. cxd4 Nf6 7. Nc3 O-O 8. Be2 d5 9. e5 Ne4 10. O-O Bg4 11. h3 Bxf3 12. Bxf3 Nxc3 13. bxc3 e6 14. c4 dxc4 15. Bxb7 Nd7 16. Bxa8 Qxa8 17. Ba3 Rc8 18. Rc1 Nb6 19. Bc5 Bf8 20. Bxf8 Kxf8 21. Qd2 Nd5 22. Rb1 c3 23. Qc2 Nf4 24. f3 Qd5 25. Rb4 Rc4 26. Rb8+ Kg7 27. Qe4 Qxe4 28. fxe4 c2 29. d5 c1=Q 30. Rxc1 Rxc1+ 31. Kf2 exd5 32. g3 Nd3+ 33. Ke3 Nxe5 34. exd5 Rd1 35. Ke4 Nd7 36. Ra8 Rxd5 37. Rxa7 Nf6+ 38. Kf3 Rd3+ 39. Kf2 h5 40. a4 h4 41. gxh4 Rxh3 42. a5 Rxh4 43. Rb7 Ra4 0-1


[Site "https://www.chess.com"]

[Event "Titled Tuesday Blitz February 14 Late 2023"]
[White "Cruz, Jonathan"]
[Black "Sztokbant, Bernardo Vainzoff"]
[WhiteFideId "3802124"]
[BlackFideId "2115956"]
[WhiteElo "2328"]
[BlackElo "2213"]
[Result "0-1"]
[Round "10"]
[TimeControl "180+2"]
[Date "2023.02.14"]
[WhiteClock "0:00:01"]
[BlackClock "0:00:21"]

1. e4 c5 2. f4 Nc6 3. Nf3 g6 4. Bc4 Bg7 5. O-O e6 6. e5 d6 7. exd6 Qxd6 8. Nc3 Nf6 9. Kh1 Qxf4 10. d4 Qg4 11. h3 Qg3 12. d5 exd5 13. Nxd5 Nxd5 14. Bxd5 O-O 15. c3 Be6 16. Bxe6 fxe6 17. Qe2 Rae8 18. Bg5 Ne5 19. Bh4 Qf4 20. Bg5 Qc4 21. Qe3 Nxf3 22. Rxf3 Rxf3 23. Qxf3 Rf8 24. Qe3 Qd5 25. Re1 Kh8 26. Qxe6 Qxg5 27. Qe4 h5 28. Qxb7 Qg3 29. Qe4 Rf2 0-1


[Site "https://www.chess.com"]

[Event "Titled Tuesday Blitz February 14 Late 2023"]
[White "Han, Yichen"]
[Black "Delorme, Axel"]
[WhiteFideId "1054430"]
[BlackFideId "632023"]
[WhiteElo "2413"]
[BlackElo "2483"]
[Result "1-0"]
[Round "10"]
[TimeControl "180+2"]
[Date "2023.02.14"]
[WhiteClock "0:00:35"]
[BlackClock "0:00:12"]

1. d4 d5 2. c4 e6 3. Nc3 c5 4. cxd5 exd5 5. dxc5 d4 6. Na4 b5 7. cxb6 axb6 8. b3 b5 9. Nb2 Bb4+ 10. Bd2 Bc3 11. Bxc3 dxc3 12. Qxd8+ Kxd8 13. Nd3 Nc6 14. e3 b4 15. Nf3 Be6 16. Nde5 Nxe5 17. Nxe5 Bxb3 18. Nc6+ Kc7 19. Nxb4 Nf6 20. Na6+ Rxa6 21. Bxa6 Ba4 22. O-O c2 23. Bd3 Kb6 24. a3 Rc8 25. Rfc1 Rc3 26. Bxc2 Rxc2 27. Rxc2 Bxc2 28. f3 Ba4 29. e4 Nd7 30. Rb1+ Kc7 31. Rb4 Nc5 32. Rd4 h5 33. Kf2 g6 34. Kg3 Bc6 35. Rd1 Ne6 36. Ra1 Ba4 37. Rb1 Kc6 38. Rb4 Bb5 39. a4 Bf1 40. a5 g5 41. Rb6+ Kc7 42. Kf2 Bc4 43. g3 Bd3 44. Ke3 Bf1 45. Rb1 Ba6 46. f4 gxf4+ 47. gxf4 Nc5 48. Kd4 Nb7 49. Ra1 Kd6 50. f5 f6 51. h4 Nc5 52. Rb1 Nd7 53. Rg1 Nb8 54. Rg6 Nc6+ 55. Ke3 Ke5 56. Rg8 Nxa5 57. Re8+ Kd6 58. Re6+ Kd7 59. Rxa6 Nc4+ 60. Kf4 Ke7 61. Ra7+ Kd6 62. Rh7 1-0


[Site "https://www.chess.com"]

[Event "Titled Tuesday Blitz February 14 Late 2023"]
[White "Haszon, David"]
[Black "Alvarez Calzadilla, Jose Avelino"]
[WhiteFideId "733610"]
[BlackFideId "3526151"]
[WhiteElo "2264"]
[BlackElo "2386"]
[Result "0-1"]
[Round "10"]
[TimeControl "180+2"]
[Date "2023.02.14"]
[WhiteClock "0:00:10"]
[BlackClock "0:00:20"]

1. d4 Nf6 2. Bf4 d6 3. Nc3 Nbd7 4. Nf3 c6 5. Qd2 Qc7 6. e4 e5 7. Bg3 Be7 8. a4 O-O 9. Bc4 Re8 10. O-O h6 11. Rfe1 Bf8 12. Rad1 b6 13. Qc1 a6 14. Qb1 b5 15. Bb3 Bb7 16. Qa2 Re7 17. Nh4 Nb6 18. Ng6 Ree8 19. dxe5 dxe5 20. a5 Nc8 21. Rd2 b4 22. Na4 c5 23. Nb6 Rb8 24. f3 c4 25. Nxc4 fxg6 26. Nxe5+ Kh7 27. Nxg6 Qc5+ 28. Bf2 Qg5 29. Nxf8+ Rxf8 30. Be3 Qh4 31. Bf2 Qf4 32. Be3 Qc7 33. Bd4 Bc6 34. Red1 Rb5 35. Bf2 Rh5 36. Bg3 Qa7+ 37. Bf2 Qc7 38. Bg3 Qe7 39. e5 Qc5+ 40. Bf2 Qxe5 41. Bg3 Qc5+ 42. Bf2 Qe7 43. Bc4 Qb7 44. Re2 Rg5 45. Bd3+ Kh8 46. Bg3 Nh5 47. Qe6 Nxg3 48. hxg3 Rxg3 49. Be4 Bxe4 50. Qxe4 Qxe4 51. Rxe4 Rg5 52. Rxb4 Rxa5 53. Rd7 Rb5 54. Rc4 Nb6 55. Ra7 Nxc4 0-1


[Site "https://www.chess.com"]

[Event "Titled Tuesday Blitz February 14 Late 2023"]
[White "Fan_Of_Chucky"]
[Black "WindWhistler11"]
[WhiteElo "2398"]
[BlackElo "2627"]
[Result "0-1"]
[Round "10"]
[TimeControl "180+2"]
[Date "2023.02.14"]
[WhiteClock "0:00:12"]
[BlackClock "0:00:10"]

1. d4 d6 2. c4 Nf6 3. Nf3 g6 4. g3 Bg7 5. Bg2 O-O 6. O-O c6 7. Nc3 a5 8. e4 Na6 9. e5 Nd7 10. exd6 exd6 11. Bf4 Nb6 12. c5 dxc5 13. dxc5 Qxd1 14. Raxd1 Nd7 15. Rfe1 Ndxc5 16. Bd6 Rd8 17. Bxc5 Rxd1 18. Rxd1 Nxc5 19. Rd8+ Bf8 20. Ng5 Kg7 21. Nge4 Ne6 22. Rd1 a4 23. Nd6 Bxd6 24. Rxd6 a3 25. b3 Ra5 26. Ne4 Nc5 27. Nxc5 Rxc5 28. Bf1 Rc2 29. Rd8 Be6 30. Ra8 Rxa2 31. b4 b5 32. Kg2 Ra1 33. Be2 a2 34. Bf3 Rb1 35. Bxc6 a1=Q 36. Rxa1 Rxa1 37. Bf3 Rb1 38. Be4 Rxb4 39. Bf3 Rd4 40. Bg4 b4 41. f3 Bxg4 42. f4 b3 43. h3 Rd2+ 44. Kf1 b2 45. Ke1 Rc2 46. h4 b1=Q# 0-1


[Site "https://www.chess.com"]

[Event "Titled Tuesday Blitz February 14 Late 2023"]
[White "Janaszak, Dawid"]
[Black "Drnovsek, Gal"]
[WhiteFideId "1119206"]
[BlackFideId "14607077"]
[WhiteElo "2316"]
[BlackElo "2397"]
[Result "0-1"]
[Round "10"]
[TimeControl "180+2"]
[Date "2023.02.14"]
[WhiteClock "0:00:03"]
[BlackClock "0:00:26"]

1. e4 e5 2. Nf3 Nc6 3. d4 exd4 4. Nxd4 Bb4+ 5. Bd2 Bc5 6. Nb3 Bb6 7. Nc3 d6 8. Nd5 Nf6 9. Qf3 Nxd5 10. exd5 Ne5 11. Qg3 O-O 12. O-O-O a5 13. a4 Bd7 14. f4 Ng4 15. Bc3 f6 16. Bd4 Nh6 17. Bxb6 cxb6 18. Nd4 Rc8 19. Bd3 Qc7 20. Rde1 Rf7 21. Re2 Bxa4 22. Rhe1 Qc5 23. Ne6 Qxd5 24. Kb1 Nf5 25. Qh3 g6 26. g4 Nd4 27. Nxd4 Qxd4 28. Re4 Qf2 29. Rf1 Bxc2+ 30. Ka1 Qd2 31. g5 f5 32. Rd4 Bb3 33. Rb1 Qf2 34. Qf1 Qxd4 0-1


[Site "https://www.chess.com"]

[Event "Titled Tuesday Blitz February 14 Late 2023"]
[White "Vovk, Orest"]
[Black "Skaric, Djuro"]
[WhiteFideId "14113490"]
[BlackFideId "934569"]
[WhiteElo "2315"]
[BlackElo "2334"]
[Result "1-0"]
[Round "10"]
[TimeControl "180+2"]
[Date "2023.02.14"]
[WhiteClock "0:00:10"]
[BlackClock "0:00:32"]

1. h4 d6 2. h5 g6 3. hxg6 fxg6 4. Nc3 Nf6 5. e4 Bg7 6. d4 Nc6 7. Be3 e5 8. dxe5 Nxe5 9. f3 Be6 10. Qd2 a6 11. O-O-O Qe7 12. Nd5 Qf7 13. Nxf6+ Qxf6 14. Bg5 Qf7 15. Ne2 h5 16. Nd4 Bd7 17. Qa5 c5 18. Nb3 Rc8 19. Rxd6 c4 20. Nc5 O-O 21. Nxd7 Nxd7 22. Qd5 Qxd5 23. Rxd5 Ne5 24. Be2 Rfe8 25. Rhd1 Nd3+ 26. Bxd3 cxd3 27. R1xd3 Re5 28. Rd8+ Rxd8 29. Rxd8+ Kf7 30. Bf4 Rb5 31. Rd7+ Kf8 32. Bd6+ Kg8 33. c3 Rb6 34. Kc2 Rc6 35. e5 b5 36. e6 Bf6 37. Kd3 Rc8 38. Ke4 Re8 39. Kd5 g5 40. Be5 Bd8 41. b3 Be7 42. c4 bxc4 43. bxc4 g4 44. fxg4 hxg4 45. Rxe7 Rxe7 46. c5 Re8 47. c6 Kf8 48. Bd6+ Kg7 49. Be5+ Kf8 50. c7 Rc8 51. Kd6 Ke8 52. Bf6 a5 53. Kc6 a4 54. Kb7 Rxc7+ 55. Kxc7 g3 56. a3 Kf8 57. Kd7 Kg8 58. Be5 Kh7 59. Bxg3 1-0


[Site "https://www.chess.com"]

[Event "Titled Tuesday Blitz February 14 Late 2023"]
[White "Rodrigues, Tiago Pereira"]
[Black "Nunez V, Gustavo Eduardo"]
[WhiteFideId "2101203"]
[BlackFideId "4403690"]
[WhiteElo "2155"]
[BlackElo "2212"]
[Result "1-0"]
[Round "10"]
[TimeControl "180+2"]
[Date "2023.02.14"]
[WhiteClock "0:00:35"]
[BlackClock "0:01:16"]

1. d4 Nf6 2. Bf4 d5 3. e3 e6 4. c4 c5 5. Nf3 Nc6 6. dxc5 Bxc5 7. a3 Qa5+ 8. Nbd2 dxc4 9. Bxc4 Qd8 10. b4 Bd6 11. O-O O-O 12. Bg5 h6 13. Bh4 g5 14. Bg3 Bxg3 15. hxg3 Nd5 16. Ne4 Nb6 17. Bd3 f5 18. Nc5 Qf6 19. Qb3 Kg7 20. Rac1 Ne7 21. e4 fxe4 22. Nxe4 Qf7 23. Ne5 Qe8 24. Qb2 Ned5 25. Nd7+ e5 26. Nxf8 Kxf8 27. Nd6 Qe6 28. Nxc8 Rxc8 29. Rxc8+ Nxc8 30. Re1 Nce7 31. Qxe5 Qxe5 32. Rxe5 a6 33. Be4 Nc3 34. Bxb7 Nb5 35. a4 Nc7 36. Ra5 Ke8 37. Bxa6 Kd7 38. Bb7 Kd6 39. Kf1 Ng6 40. Rc5 Ne6 41. Rc6+ Kd7 42. Rc1 Kd6 43. a5 Nc7 44. a6 Nb5 45. Rc6+ Kd7 46. Rxg6 Kc7 47. Rxh6 g4 48. Ke1 Kb8 49. Rg6 Ka7 50. Rxg4 Nd6 51. Rd4 Nf5 52. Rd7 Nh6 53. Be4+ Kxa6 54. Rd6+ Kb5 55. Rxh6 Kxb4 56. Rd6 Kc3 57. Ke2 Kc4 58. Rd3 Kc5 59. Bf3 Kc4 60. Ke3 Kc5 61. Ke4 Kc4 62. g4 Kc5 63. Bd1 Kc4 64. f4 Kc5 65. Rd4 Kc6 66. Rd5 Kc7 67. Ke5 Kc6 68. Ke6 Kc7 69. Rd6 Kc8 70. Rd7 Kb8 71. Kd6 Kc8 72. Kc6 Kb8 73. Kb6 Kc8 74. Rd6 Kb8 75. Rd8# 1-0


[Site "https://www.chess.com"]

[Event "Titled Tuesday Blitz February 14 Late 2023"]
[White "Papp, Levente"]
[Black "Pasti, Aron"]
[WhiteFideId "751243"]
[BlackFideId "785857"]
[WhiteElo "2353"]
[BlackElo "2361"]
[Result "0-1"]
[Round "10"]
[TimeControl "180+2"]
[Date "2023.02.14"]
[WhiteClock "0:00:01"]
[BlackClock "0:00:26"]

1. e4 c5 2. c4 Nc6 3. Nc3 g6 4. g3 Bg7 5. Nge2 e6 6. Bg2 Nge7 7. O-O O-O 8. Rb1 Rb8 9. a3 a6 10. b4 cxb4 11. axb4 b5 12. cxb5 axb5 13. d4 d5 14. Bf4 Rb7 15. e5 f6 16. exf6 Bxf6 17. Qd3 Rb6 18. Bh6 Re8 19. Be3 Nf5 20. Qd2 Nd6 21. Nf4 Nc4 22. Qd1 Ra6 23. Nxb5 Rb6 24. Nc3 Rxb4 25. Ncxd5 exd5 26. Bxd5+ Kh8 27. Rxb4 Nxe3 28. Rb3 Nxd1 29. Bxc6 Nxf2 30. Bxe8 Bxd4 31. Bc6 Ne4+ 32. Kh1 Nd2 33. Rd3 Nxf1 34. Ne2 Ba6 35. Rxd4 Qb6 36. Bf3 Bxe2 37. Rf4 Bxf3+ 38. Rxf3 Qc6 0-1


[Site "https://www.chess.com"]

[Event "Titled Tuesday Blitz February 14 Late 2023"]
[White "Brilej, Jaka"]
[Black "reevecanada"]
[WhiteFideId "14618818"]
[WhiteElo "2321"]
[BlackElo "2466"]
[Result "1-0"]
[Round "10"]
[TimeControl "180+2"]
[Date "2023.02.14"]
[WhiteClock "0:00:40"]
[BlackClock "0:01:08"]

1. d4 Nf6 2. c4 g6 3. Nc3 d5 4. Nf3 Bg7 5. Bg5 dxc4 6. e3 Be6 7. Ne5 Nd5 8. Nxc4 c5 9. Qa4+ Nc6 10. Rd1 cxd4 11. exd4 O-O 12. Ne3 Nb6 13. Qa3 Bxd4 14. Bb5 Bxc3+ 15. Qxc3 Qc7 16. Bh6 f6 17. Bxf8 Rxf8 18. O-O Rc8 19. Bxc6 bxc6 20. Rfe1 Bf7 21. b3 Nd5 22. Nxd5 cxd5 23. Qxc7 Rxc7 24. Rc1 Rd7 25. f4 h6 26. Kf2 g5 27. g3 Kg7 28. Ke3 e5 29. Rc5 d4+ 30. Kd2 exf4 31. gxf4 gxf4 32. Rf5 Bg6 33. Rxf4 d3 34. Rg1 Kf7 35. Rfg4 Bf5 36. Rg7+ Ke6 37. Rxd7 Kxd7 38. Rg7+ Kc6 39. Rxa7 Kd5 40. Rf7 Ke5 41. Re7+ Kd6 42. Re3 Kc5 43. Rf3 Be4 44. Rxf6 Kb4 45. Rxh6 Ka3 46. Ra6+ Kb2 47. Rd6 Bh7 48. Rxd3 Be4 49. a4 Bh7 50. a5 Be4 51. a6 Bh7 52. a7 Be4 53. h4 Bh7 54. a8=Q Bxd3 55. Kxd3 Kb1 56. Kc3 Kc1 57. Qa1# 1-0


[Site "https://www.chess.com"]